 Dungeon Crawl Stone Soup version 0.26-a0-639-g72c4674329 (webtiles) character file.

Game seed: 3847313616544620431

243 Lanoc the Skirmisher (level 5, -8/54 HPs)
             Began as a Troll Delver on Sept 19, 2020.
             Mangled by Pikel
             ... wielding a +0 whip of electrocution
              (20 damage)
             ... on level 4 of the Dungeon.
             The game lasted 00:02:27 (1633 turns).

Lanoc the Skirmisher (Troll Delver)                 Turns: 1633, Time: 00:02:28

Health: -8/54      AC:  6    Str: 20    XL:     5   Next: 82%
Magic:  4/4        EV: 11    Int:  6    God:
Gold:   145        SH:  0    Dex: 12    Spells: 4/4 levels left

rFire    . . .     SeeInvis .     - Unarmed
rCold    + . .     Faith    .   (no shield)
rNeg     . . .     Spirit   .   a - +0 robe
rPois    .         Reflect  .   (helmet restricted)
rElec    .         Harm     .   (no cloak)
rCorr    .         Rampage  .   (gloves unavailable)
MR       .....                  (boots unavailable)
Stlth    ++........             (no amulet)
HPRegen  0.58/turn              j - ring of protection from cold
MPRegen  0.09/turn              (no ring)

@: no status effects
A: large, unfitting armour, claws 3, regeneration 1, shaggy fur 1, tough skin 3
a: no special abilities


You were on level 4 of the Dungeon.
You visited 1 branch of the dungeon, and saw 3 of its levels.

You collected 145 gold pieces.

Inventory:

Armour
 a - a +0 robe (worn)
Jewellery
 j - a ring of protection from cold (left claw)
Wands
 f - a wand of digging (3)
Scrolls
 b - a scroll of fog
 c - a scroll of magic mapping
 d - a scroll of fear
 h - 2 scrolls of identify {unknown}
 i - 2 scrolls of teleportation {unknown}
 m - 2 scrolls of remove curse {unknown}
 n - a scroll of random uselessness {unknown}
 p - a scroll of immolation {unknown}
 q - a scroll of blinking {unknown}
Potions
 e - 3 potions of haste
 g - 2 potions of lignification {unknown}
 k - a potion of ambrosia {unknown}
 l - a potion of heal wounds {unknown}
 o - a potion of brilliance {unknown}
 r - a potion of degeneration {unknown}


   Skills:
 + Level 4.2 Fighting
 + Level 3.7 Dodging
 - Level 2.7 Stealth
 - Level 2.0 Unarmed Combat


You had 4 spell levels left.
You didn't know any spells.
Your spell library was empty.

Dungeon Overview and Level Annotations

Branches:
Dungeon (5/15)
 Temple: D:4-7

Altars:
Elyvilon
Yredelemnul
The Shining One

Annotations:
D:4 Pikel


Innate Abilities, Weirdness & Mutations

You are too large for most types of armour.
You have claws for hands.
Your natural rate of healing is unusually fast.
You are covered in fur. (AC +1)
You have extremely tough skin. (AC +3)


Message History

Pikel is heavily wounded.
Pikel hits you but does no damage.
You miss Pikel.
Pikel is heavily wounded.
Pikel hits you with a +0 whip of electrocution.
You are electrocuted!
You are too injured to fight recklessly!
You scratch Pikel but do no damage.
Pikel is heavily wounded.
Pikel hits you but does no damage.
You claw Pikel!
Pikel is severely wounded.
Pikel hits you with a +0 whip of electrocution.
* * * LOW HITPOINT WARNING * * *
You miss Pikel.
Pikel is severely wounded.
Pikel hits you with a +0 whip of electrocution.
* * * LOW HITPOINT WARNING * * *
You are electrocuted!!
You die...

#.###...........##.#
#.#.#######.##.##.#
#........##.......#
#..#####.###......#
#..# ##...### #..###
##.## #....# #.#
#.##.# #.# #.##@#
##'## #.##K###.#
##...##
#..555...###.....##
####5######.......##
#...# #..>......#
#.........+.........+
#.......###.........#
#.......# ##.......##
#.......# ##.....##


You could see Pikel and 4 lemures.

Vanquished Creatures
  A phantom (D:4)
  2 hounds (D:5)
  2 gnolls (D:4)
  2 oozes (D:3)
  An adder skeleton (D:5)
  A worm (D:3)
  2 leopard geckos
  11 orcs
  10 goblins
  14 hobgoblins
  3 bats (D:3)
  A frilled lizard (D:5)
  A kobold (D:4)
  2 rats (D:3)
53 creatures vanquished.

Notes
Turn   | Place    | Note
-------+----------+-------------------------------------------
     0 | D:5      | Lanoc the Troll Delver began the quest for the Orb.
     0 | D:5      | Reached XP level 1. HP: 22/22 MP: 0/0
   138 | D:5      | Noticed a hound
   152 | D:5      | Killed a hound
   152 | D:5      | Reached skill level 3 in Fighting
   152 | D:5      | Reached XP level 2. HP: 31/31 MP: 1/1
   152 | D:5      | Reached XP level 3. HP: 37/37 MP: 2/2
   193 | D:5      | Noticed an ice beast
   268 | D:5      | Found a basalt altar of Yredelemnul.
   271 | D:5      | Found a glowing golden altar of the Shining One.
   313 | D:4      | Reached XP level 4. HP: 37/45 MP: 3/3
  1126 | D:4      | Noticed a phantom
  1153 | D:4      | Killed a phantom
  1153 | D:4      | Reached skill level 4 in Fighting
  1153 | D:4      | Reached XP level 5. HP: 36/54 MP: 4/4
  1390 | D:4      | Found a white marble altar of Elyvilon.
  1612 | D:4      | Noticed a lemure
  1613 | D:4      | Noticed a lemure
  1613 | D:4      | Noticed a lemure
  1613 | D:4      | Noticed Pikel
  1614 | D:4      | Noticed a lemure
  1633 | D:4      | Mangled by Pikel

Illustrated notes

Levels and vault maps discovered:
D:3:      layout_loops_ring
D:4:      corexii_shantytown, layout_loops_corners, elyvilon_altar_5,
          corexii_checkpoint_b, nicolae_gozag_cash_rules_everything_around_me,
          uniq_pikel
D:5:      layout_basic, grunt_temple_overflow_holy_war, minmay_crystal_room,
          nicolae_dithmenos_shadow_blocks

Skill      XL: |  1  2  3  4 |
---------------+-------------+-----
Fighting       | 3 4 |  4.2
Dodging        | 2 3 |  3.7
Stealth        | |  2.7
Unarmed Combat | |  2.0

Action                   |  1- 3 |  4- 6 || total
-------------------------+-------+-------++-------
Melee: Unarmed           |    30 |   128 ||   158
 Stab: Sleeping          |     2 |    10 ||    12
Armor: Robe              |    15 |    38 ||    53
Dodge: Dodged            |    18 |    49 ||    67

Table legend: (Time is in decaauts)
 A = Elapsed time spent in this place.
 B = Non-inter-level travel time spent in this place.
 C = Inter-level travel time spent in this place.
 D = Time resting spent in this place.
 E = Time spent auto-exploring this place.
 F = Levels seen in this place.
 G = Mean time per level.
                   A        B        C        D        E       F      G
               +--------+--------+--------+--------+--------+-----+--------+
         Total |   1626 |   1577 |     49 |      0 |   1236 |   3 |  542.0 |
       Dungeon |   1626 |   1577 |     49 |      0 |   1236 |   3 |  542.0 |
               +--------+--------+--------+--------+--------+-----+--------+

Top non-repeatable levels by time:
     D:4: 755 daAuts
     D:3: 565 daAuts
     D:5: 305 daAuts
